 Dungeon Crawl Stone Soup version 0.29.0-13-gc9e81de378 (webtiles) character file.

Game seed: 3184904657422089209

2160 raistware the Conjurer (level 9, -6/53 HPs)
             Began as an Octopode Conjurer on Sept 9, 2022.
             Mangled by an unseen horror (9 damage)
             ... on level 6 of the Dungeon.
             The game lasted 00:12:14 (5769 turns).

raistware the Conjurer (Octopode Conjurer)          Turns: 5769, Time: 00:12:15

Health: -6/53      AC:  1    Str:  7    XL:     9   Next: 31%
Magic:  3/19       EV: 13    Int: 24    God:
Gold:   277        SH:  0    Dex: 10    Spells: 14/22 levels left

rFire   . . .      SeeInvis .   h - +1 short sword (venom)
rCold   . . .      Faith    .   (no shield)
rNeg    . . .      Spirit   .   (helmet restricted)
rPois   .          Reflect  .   q - amulet of the acrobat
rElec   .          Harm     .   (no ring)
rCorr   .          Rampage  .   (no ring)
Will    .....                   (no ring)
Stlth   +++.......              (no ring)
HPRegen 0.17/turn               (no ring)
MPRegen 0.16/turn               (no ring)
                                (no ring)
                                (no ring)

@: no status effects
A: almost no armour, amphibious, 8 rings, camouflage 1, gelatinous body 1,
(nimble swimmer 1), tentacles
a: no special abilities


You were on level 6 of the Dungeon.
You visited 1 branch of the dungeon, and saw 6 of its levels.
You also visited: Sewer.

You collected 277 gold pieces.

Inventory:

Hand Weapons
 h - a +1 short sword of venom (weapon)
Missiles
 n - 4 poisoned darts
Jewellery
 q - an amulet of the acrobat (around mantle)
Wands
 m - a wand of paralysis (1)
 u - a wand of flame (16)
 y - a wand of polymorph (7)
Scrolls
 c - 4 scrolls of vulnerability {unknown}
 d - 3 scrolls of enchant armour {unknown}
 e - 5 scrolls of immolation {unknown}
 f - 5 scrolls of identify {unknown}
 i - a scroll of enchant weapon {unknown}
 l - a scroll of silence {unknown}
 o - 2 scrolls of magic mapping {unknown}
 s - a scroll of noise {unknown}
 t - a scroll of fear {unknown}
 v - a scroll of teleportation {unknown}
Potions
 a - a potion of magic
 b - 4 potions of heal wounds {unknown}
 g - a potion of ambrosia {unknown}
 j - a potion of flight {unknown}
 k - a potion of lignification {unknown}
 p - 3 potions of brilliance {unknown}
 r - 3 potions of curing {unknown}
 w - 2 potions of resistance {unknown}
 x - a potion of haste {unknown}


   Skills:
 - Level 1.0 Fighting
 - Level 3.0 Dodging
 - Level 3.0 Stealth
 + Level 7.2 Spellcasting
 + Level 7.8 Conjurations
 - Level 2.0 Translocations
 + Level 5.1 Earth Magic
 - Level 1.0 Evocations


You had 14 spell levels left.
You knew the following spells:

 Your Spells              Type           Power      Damage    Failure   Level
a - Magic Dart            Conj           100%       1d8       1%          1
b - Stone Arrow           Conj/Erth      78%        3d11      1%          3
c - Iskenderun's Mystic   Conj/Tloc      32%        2d8       10%         4

Your spell library contained the following spells:

 Spells                   Type           Power      Damage    Failure   Level
 Searing Ray              Conj           92%        2d7       1%          2
 Static Discharge         Conj/Air       27%        3-7/arc   2%          2
 Dazzling Flash           Conj/Hex       54%        N/A       4%          3
 Slow                     Hex            32%        N/A       7%          1
 Fulminant Prism          Conj/Hex       13%        3d9       14%         4
 Confusing Touch          Hex            8%         N/A       22%         3
 Vampiric Draining        Necr           8%         2d6       22%         3
 Lightning Bolt           Conj/Air       13%        1d27      36%         5
 Olgreb's Toxic Radiance  Pois           8%         N/A       56%         4
 Ozocubu's Refrigeration  Ice            4%         4d8       100%        7
 Ignition                 Fire           4%         3d4       100%        8
 Lehudib's Crystal Spear  Conj/Erth      19%        10d6      100%        8
 Maxwell's Capacitive Co  Air            4%         ∞         100%        8
 Animate Armour           Summ/Erth      Unusable   N/A       N/A         4

Dungeon Overview and Level Annotations

Branches:
Dungeon (6/15)              Sewer (visited)
 Temple: D:4-7

Altars:
Fedhas
Kikubaaqudgha
Nemelex Xobeh
Wu Jian

Shops:
D:6 *


Innate Abilities, Weirdness & Mutations

You cannot wear most types of armour.
You are amphibious.
You can wear up to eight rings at the same time.
Your skin changes colour to match your surroundings (Stealth+).
Your rubbery body absorbs attacks. (AC +1, EV +1)
((You are camouflaged when in or above water. (Stealth+)))
You have tentacles for arms and can constrict up to eight enemies at once.


Message History

Magic restored.
Things that are here:
a +0 club; a +0 chain mail; an orc corpse HP restored.
Found an escape hatch in the ceiling.
Found a stone staircase leading down.
Found a stone staircase leading down.
Something closely misses you. Something hits you!
Deactivating autopickup; reactivate with Ctrl-A.
Something misses you. Something barely misses you.
Casting: Stone Arrow (safe; 1% risk of failure)
Confirm with . or Enter, or press ? or * to list all spells.
Aiming: Stone Arrow (safe; 1% risk of failure)
Press: ? - help, Shift-Dir - straight line The stone arrow hits something!
Something hits you!
Casting: Stone Arrow (safe; 1% risk of failure)
Confirm with . or Enter, or press ? or * to list all spells.
Aiming: Stone Arrow (safe; 1% risk of failure)
Press: ? - help, Shift-Dir - straight line Something barely misses you.
Something hits you!
Casting: Stone Arrow (safe; 1% risk of failure)
Confirm with . or Enter, or press ? or * to list all spells.
Aiming: Stone Arrow (safe; 1% risk of failure)
Press: ? - help, Shift-Dir - straight line Something hits you.
Something barely misses you. Something hits you!
* * * LOW HITPOINT WARNING * * *
Casting: Stone Arrow (safe; 1% risk of failure)
Confirm with . or Enter, or press ? or * to list all spells.
Aiming: Stone Arrow (safe; 1% risk of failure)
Press: ? - help, Shift-Dir - straight line The stone arrow hits something!
Something hits you!
* * * LOW HITPOINT WARNING * * *
Casting: Stone Arrow (safe; 1% risk of failure)
Confirm with . or Enter, or press ? or * to list all spells.
You can't see any susceptible monsters within range! (Use Z to cast anyway.)
Casting: Stone Arrow (safe; 1% risk of failure)
Confirm with . or Enter, or press ? or * to list all spells.
You erupt in a blast of force!
The mystic blast hits something.
Something hits you!
You die...

#..# #.. #..# #.#
#..# #..# ##
######..#####.##.#
#........<.......#
.>.#.#............
# #..#.###.##.##.#
... #.@.{........
#.#. #####.##.##.#
.. ##># # #.. #.#
.# #


There were no monsters in sight!

Vanquished Creatures
  Pikel (D:4)
  Prince Ribbit (D:5)
  Sigmund (D:6)
  2 water moccasins (D:6)
  A sky beast (D:5)
  An ice beast (D:3)
  2 black bears
  An ogre (D:5)
  A phantom (D:6)
  A lemure (D:4)
  A necrophage (D:5)
  3 scorpions
  A jelly (D:5)
  An orc priest (D:6)
  3 iguanas
  2 orc wizards (D:6)
  Ijyb (D:5)
  A hell rat (Sewer)
  6 adders
  A river rat (Sewer)
  An ufetubus (D:5)
  3 worms
  4 dart slugs
  7 orcs
  2 bats (D:2)
  9 endoplasms
  7 giant cockroaches
  5 goblins
  16 hobgoblins
  7 jackals
  10 kobolds
  2 quokkas
  6 ball pythons
  A frilled lizard (D:3)
  11 rats
123 creatures vanquished.

Notes
Turn   | Place    | Note
-------+----------+-------------------------------------------
     0 | D:1      | raistware the Octopode Conjurer began the quest for the
                  | Orb.
     0 | D:1      | Reached XP level 1. HP: 11/11 MP: 3/3
   244 | D:1      | Reached XP level 2. HP: 14/17 MP: 0/5
   586 | D:1      | Found a faded altar of an unknown god.
   619 | D:1      | Reached XP level 3. HP: 21/21 MP: 1/7
   783 | D:1      | Learned a level 3 spell: Stone Arrow
  1196 | D:2      | Reached skill level 1 in Earth Magic
  1458 | D:2      | Noticed a black bear
  1461 | D:2      | Killed a black bear
  1462 | D:2      | Reached XP level 4. HP: 27/27 MP: 1/10
  1462 | D:2      | Reached XP level 5. HP: 31/31 MP: 1/11
  1759 | D:2      | Identified the +0 ring mail "Ategallo" {rElec rPois Int-5
                  | Dex+10}
  1850 | D:3      | You fall into a shaft and drop 2 floors!
  1850 | D:5      | Entered Level 5 of the Dungeon
  1853 | D:5      | Noticed a sky beast
  1864 | D:5      | Noticed an ogre
  1877 | D:5      | Killed a sky beast
  1878 | D:5      | Reached XP level 6. HP: 36/36 MP: 2/12
  1970 | D:5      | Found a blossoming altar of Fedhas.
  2285 | D:5      | Noticed Ijyb
  2289 | D:5      | Noticed Prince Ribbit
  2294 | D:5      | Killed Ijyb
  2304 | D:5      | Killed Prince Ribbit
  2305 | D:5      | Reached skill level 5 in Spellcasting
  2305 | D:5      | Reached skill level 5 in Conjurations
  2305 | D:5      | Reached XP level 7. HP: 41/41 MP: 2/14
  2507 | D:4      | Noticed Pikel
  2511 | D:4      | Killed Pikel
  2512 | D:4      | Reached XP level 8. HP: 21/46 MP: 3/17
  2884 | D:4      | Found a sparkling altar of Nemelex Xobeh.
  2908 | D:4      | Found an ancient bone altar of Kikubaaqudgha.
  3440 | D:3      | Reached skill level 1 in Evocations
  3623 | D:4      | Reached skill level 1 in Fighting
  3840 | D:3      | Learned a level 4 spell: Iskenderun's Mystic Blast
  4311 | D:5      | Reached skill level 1 in Translocations
  4387 | D:5      | Found an ornate altar of the Wu Jian Council.
  4871 | D:6      | Found a glowing drain.
  4877 | D:6      | Noticed Sigmund
  4880 | Sewer    | Entered a sewer
  5107 | D:6      | Killed Sigmund
  5108 | D:6      | Reached XP level 9. HP: 53/53 MP: 12/19
  5340 | D:6      | Found Fuah's Serpentskin Sales.
  5355 | D:6      | Reached skill level 5 in Earth Magic
  5769 | D:6      | Mangled by an unseen horror

Illustrated notes

Levels and vault maps discovered:
D:1:      saegor_arrival_simple_b, layout_rooms,
          chequers_ecumenical_altar_simple_redux
D:2:      layout_rooms, chequers_serial_rivers_micro_b
D:3:      layout_basic
D:4:      layout_basic, nemelex_diamond_rough_becter,
          nicolae_kikubaaqudgha_miasma_corner, hangedman_decor_points,
          uniq_pikel
D:5:      layout_basic, mainiacjoe_overflow_catwalk,
          mainiacjoe_overflow_brackets, uniq_prince_ribbit1, uniq_ijyb
D:6:      layout_loops_ring, cheibrodos_sewer_entry_drain, guppyfry_shop_venom,
          uniq_sigmund

Skill      XL: |  1  2  3  4  5  6  7  8  9 |
---------------+----------------------------+-----
Spellcasting   | 3 4 5 6 7 |  7.2
Earth Magic    | 2 3 4 5 |  5.1
Conjurations   | 5 6 7 |  7.8
Stealth        | 3 |  3.0
Evocations     | 1 |  1.0
Fighting       | 1 |  1.0
Translocations | 2 |  2.0
Dodging        | 3 |  3.0

Action                   |  1- 3 |  4- 6 |  7- 9 || total
-------------------------+-------+-------+-------++-------
Melee: Unarmed           |     9 |    10 |       ||    19
       Constrict         |     4 |     7 |    11 ||    22
       Tentacles         |     2 |     7 |    17 ||    26
       Punch             |     1 |     1 |     1 ||     3
       Short sword       |       |    11 |    63 ||    74
 Cast: Magic Dart        |    71 |    16 |    66 ||   153
       Stone Arrow       |     2 |    11 |    40 ||    53
       Iskenderun's Myst |       |       |     1 ||     1
Evoke: Wand              |       |     1 |     5 ||     6
 Stab: Paralysed         |       |     2 |     6 ||     8
       Sleeping          |       |     1 |     1 ||     2
Armor: Skin              |     2 |     4 |     6 ||    12
Dodge: Dodged            |    10 |    17 |    64 ||    91
